 Dungeon Crawl Stone Soup version 0.30.0-16-gbe6223bb7e (webtiles) character file.

Game seed: 10444411610811437175

19 Sabo the Sneak (level 2, 0/22 HPs)
             Began as a Naga Enchanter on May 20, 2023.
             Slain by a hobgoblin (4 damage)
             ... on level 1 of the Dungeon.
             The game lasted 00:03:29 (718 turns).

Sabo the Sneak (Naga Enchanter)                      Turns: 718, Time: 00:03:29

Health: 0/22       AC:  1    Str: 10    XL:     2   Next: 75%
Magic:  5/5        EV: 10    Int: 15    God:
Gold:   52         SH:  0    Dex: 11    Spells: 5/5 levels left

rFire   . . .        e - +2 hand axe (freeze)
rCold   + . .        (no shield)
rNeg    . . .        b - +0 robe
rPois   +            (no helmet)
rElec   .            (no cloak)
rCorr   .            (no gloves)
SInv    +            (no barding)
Will    .....        (no amulet)
Stlth   +++          h - ring of protection from cold
HPRegen 0.23/turn    (no ring)
MPRegen 0.09/turn

%: no passive effects
@: very slow
A: AC +0, large, see invisible, deformed body, poison resistance, slowness 2,
spit poison 1, naga tail 1
a: Spit Poison


You were on level 1 of the Dungeon.
You visited 1 branch of the dungeon, and saw 1 of its levels.

You collected 52 gold pieces.

Inventory:

Hand Weapons
 a - a +1 dagger
 e - a +2 hand axe of freezing (weapon)
Missiles
 j - 5 javelins (quivered)
Armour
 b - a +0 robe (worn)
Jewellery
 h - a ring of protection from cold (left hand)
Scrolls
 g - a scroll of immolation {unknown}
 k - a scroll of fear {unknown}
 l - 2 scrolls of noise {unknown}
 n - a scroll of enchant armour {unknown}
Potions
 c - 2 potions of invisibility
 d - a potion of mutation {unknown}
 f - a potion of heal wounds {unknown}
 i - a potion of lignification {unknown}
 m - a potion of curing {unknown}


   Skills:
 + Level 1.0 Short Blades
 + Level 0.9 Axes
 + Level 1.8 Dodging
 + Level 5.1 Stealth
 + Level 2.1 Spellcasting
 + Level 3.0 Hexes


You had 5 spell levels left.
You didn't know any spells.
Your spell library contained the following spells:

 Spells                   Type           Power      Damage    Failure   Level
 Ensorcelled Hibernation  Hex/Ice        12%        N/A       19%         2
 Confusing Touch          Hex            10%        N/A       19%         3
 Tukima's Dance           Hex            10%        N/A       19%         3
 Dazzling Flash           Conj/Hex       12%        N/A       34%         3


Dungeon Overview and Level Annotations

Branches:
Dungeon (1/15)

Altars:


Innate Abilities, Weirdness & Mutations

Your serpentine skin is tough. (AC +0)
You have supernaturally acute eyesight. (SInv)
Armour fits poorly on your strangely shaped body.
Your system is resistant to poisons. (rPois)
You cover ground very slowly.
You can spit poison.
You have a snake-like lower body.


Message History

You slash the hobgoblin! You freeze the hobgoblin.
You kill the hobgoblin!
You start resting.
HP restored.
n - a scroll labelled NUHUOG WAGOEWK
There is a stone staircase leading down here.
You now have 52 gold pieces (gained 9).
A hobgoblin comes into view.
Found a flail.
Found a scroll labelled QAROIK JIMEF.
You hit the hobgoblin. You freeze the hobgoblin. You punch the hobgoblin.
The hobgoblin is almost dead.
You completely miss the rat. The rat bites you.
The hobgoblin barely misses you.
You closely miss the hobgoblin.
The hobgoblin is almost dead.
You closely miss the rat. The rat bites you. The hobgoblin hits you.
You completely miss the hobgoblin.
The hobgoblin is almost dead.
You barely miss the rat. The rat bites you. The hobgoblin closely misses you.
The rat misses you. The hobgoblin barely misses you.
You closely miss the hobgoblin.
The hobgoblin is almost dead.
You closely miss the rat. The rat barely misses you. The hobgoblin hits you.
You closely miss the hobgoblin.
The hobgoblin is almost dead.
You hit the rat but do no damage. The rat bites you.
The hobgoblin closely misses you.
You barely miss the hobgoblin.
The hobgoblin is almost dead.
You hit the rat. You freeze the rat.
You kill the rat!
The hobgoblin hits you.
* * * LOW HITPOINT WARNING * * *
The hobgoblin hits you.
* * * LOW HITPOINT WARNING * * *
You closely miss the hobgoblin.
The hobgoblin is almost dead.
The hobgoblin hits you.
You die...

...#.######### ######
#....).#.....# #.....
##......#.....###.####
#.......#.........####
#.#.......###...........
#........ ##...........
#..?...g####............
#.#@#...............
#.#...###.###.#.#.##
#......##.#...#.#.##
#......##.###.#.#.#.
#......##.#####.#.##
##.>............#.#
#...........####.#
#...........###...
######............


You could see a hobgoblin.

Vanquished Creatures
  A ball python (D:1)
  3 endoplasms (D:1)
  A goblin (D:1)
  2 hobgoblins (D:1)
  2 quokkas (D:1)
  A bat (D:1)
  A frilled lizard (D:1)
  3 kobolds (D:1)
  4 rats (D:1)
18 creatures vanquished.

Notes
Turn   | Place    | Note
-------+----------+-------------------------------------------
     0 | D:1      | Sabo the Naga Enchanter began the quest for the Orb.
     0 | D:1      | Reached XP level 1. HP: 15/15 MP: 3/3
   299 | D:1      | Reached XP level 2. HP: 22/22 MP: 5/5
   500 | D:1      | Reached skill level 5 in Stealth
   718 | D:1      | Slain by a hobgoblin

Illustrated notes

Levels and vault maps discovered:
D:1:      onia_arrival_mini_spirals, layout_basic, corexii_leaking_fountain,
          minmay_hexomino_p4

Skill      XL: |  1  2 |
---------------+-------+-----
Stealth        | 5 |  5.1
Short Blades   | |  1.0
Axes           | |  0.9
Dodging        | |  1.8
Spellcasting   | |  2.1
Hexes          | |  3.0

Action                     || total
---------------------------++-------
  Melee: Hand axe          ||    42
         Punch             ||     1
   Stab: Sleeping          ||     6
 Armour: Robe              ||     6
  Dodge: Dodged            ||    32
